 Dungeon Crawl Stone Soup version 0.25-a0-292-gaa31f046c4 (webtiles) character file.

Game seed: 7507646310211137500, levelgen mode: classic

153 Borgoz the Cutter (level 5, -1/33 HPs)
             Began as a Kobold Fighter on Dec 15, 2019.
             Slain by an adder (2 damage)
             ... on level 2 of the Dungeon.
             The game lasted 00:04:41 (3060 turns).

Borgoz the Cutter (Kobold Fighter)                  Turns: 3060, Time: 00:04:41

Health: -1/33      AC:  6    Str: 14    XL:     5   Next: 61%
Magic:  5/5        EV: 13    Int: 10    God:
Gold:   81         SH:  0    Dex: 14    Spells: 4/4 levels left

rFire    . . .     SeeInvis .   m - -1 dagger (curse)
rCold    . . .     Gourm    .   (shield restricted)
rNeg     . . .     Faith    .   g - +0 ring mail
rPois    .         Spirit   .   (no helmet)
rElec    .         Reflect  .   l - +0 cloak
rCorr    .         Harm     .   (no gloves)
MR       .....                  (no boots)
Stlth    +.........             (no amulet)
HPRegen  0.11/turn              k - -3 ring of slaying (curse)
MPRegen  0.09/turn              (no ring)

@: lethally poisoned (-1 -> -3)
A: small, carnivore
a: no special abilities


You were on level 2 of the Dungeon.
You were completely stuffed.

You visited 1 branch of the dungeon, and saw 4 of its levels.

You collected 81 gold pieces.

Inventory:

Hand Weapons
 a - a +0 rapier
 m - a cursed -1 dagger (weapon)
Armour
 b - a +1 scale mail
 g - a +0 ring mail (worn)
 l - a +0 cloak (worn)
Jewellery
 k - a cursed -3 ring of slaying (left hand)
Wands
 c - a wand of digging (4)
Comestibles
 f - 3 rations


   Skills:
 * Level 4.2 Fighting
 * Level 4.3 Short Blades
 * Level 3.1 Armour
 * Level 2.2 Dodging
 + Level 1.8 Stealth
   Level 2.4 Shields


You had 4 spell levels left.
You didn't know any spells.
Your spell library was empty.

Dungeon Overview and Level Annotations

Branches:
Dungeon (4/15)
 Temple: D:4-7

Altars:
Wu Jian

Annotations:
D:2 Natasha
D:4 1 runed translucent door, Crazy Yiuf


Innate Abilities, Weirdness & Mutations

You are small and have problems with some larger weapons.
You are carnivorous and can eat meat at any time.


Message History

The adder is lightly wounded.
The adder closely misses you.
You closely miss the adder.
The adder is lightly wounded.
* * * LOW HITPOINT WARNING * * *
You feel sick. The adder bites you but does no damage.
You hit the adder.
The adder is moderately wounded.
The adder bites you but does no damage.
You closely miss the adder.
The adder is moderately wounded.
The adder bites you but does no damage.
You hit the adder but do no damage.
The adder is moderately wounded.
The adder bites you but does no damage.
You closely miss the adder.
The adder is moderately wounded.
* * * LOW HITPOINT WARNING * * *
You feel sick. The adder bites you.
You die...

#..#######.# #.# .#
#..# #.###.##.###
#..# #.#.........
#..# #.....>..###
#..# ###.#.#### #..#
#.#.###
#..#########.....#
#..........#.###S##
##.#######.#.# #@.#
#.# #.#.###..## #.#
#.#.......###.# #.#
#.#...........# #.#
#.#####...##### #.#
#.# ##.## #.#
#.######.####
#.#######...........#
#.........######.##.#
### #


You could see an adder.

Vanquished Creatures
  A howler monkey (D:4)
  A worker ant (D:4)
  An adder (D:2)
  3 oozes (D:1)
  A dart slug (D:1)
  4 leopard geckos
  3 giant cockroaches (D:1)
  4 goblins
  8 hobgoblins
  8 jackals
  2 quokkas
  A ball python (D:1)
  6 bats
  4 frilled lizards
  9 kobolds
  A leopard gecko zombie (D:4)
  3 rats (D:1)
60 creatures vanquished.

Notes
Turn   | Place    | Note
-------+----------+-------------------------------------------
     0 | D:1      | Borgoz the Kobold Fighter began the quest for the Orb.
     0 | D:1      | Reached XP level 1. HP: 14/14 MP: 1/1
   106 | D:1      | Reached XP level 2. HP: 19/19 MP: 2/2
   129 | D:1      | Reached skill level 1 in Dodging
   427 | D:1      | Reached XP level 3. HP: 21/23 MP: 3/3
   659 | D:1      | Reached skill level 1 in Stealth
  1127 | D:1      | You fall into a shaft and drop 1 floor!
  1171 | D:2      | Reached XP level 4. HP: 29/29 MP: 4/4
  2097 | D:2      | Noticed Natasha
  2100 | D:2      | Found an ornate altar of the Wu Jian Council.
  2109 | D:2      | You fall into a shaft and drop 2 floors!
  2450 | D:4      | Reached XP level 5. HP: 19/33 MP: 5/5
  2529 | D:4      | Noticed an ogre
  2563 | D:4      | Found a runed translucent door.
  2564 | D:4      | Noticed Crazy Yiuf
  3060 | D:2      | HP: 1/33 [poisoned by an adder]
  3060 | D:2      | Slain by an adder

Levels and vault maps discovered:
D:1:      psy_arrival_dodecagon, layout_loops_corners, minmay_tall_x
D:2:      layout_loops_ring, overflow_temple_1_default, uniq_natasha
D:3:      layout_basic, grunt_dithmenos_smoke_and_mirrors, minmay_checkerbox
D:4:      layout_rooms, bloody_trog, first_ration, uniq_crazy_yiuf_cottage

Skill      XL: |  1  2  3  4 |
---------------+-------------+-----
Short Blades   | 3 4 |  4.3
Dodging        | 1 2 |  2.2
Stealth        | 1 |  1.8
Fighting       | 4 |  4.2
Armour         | 3 |  3.1
Shields        | |  2.4

Action                   |  1- 3 |  4- 6 || total
-------------------------+-------+-------++-------
Melee: Rapier            |   109 |    50 ||   159
       Dagger            |       |   295 ||   295
  Use: Scroll            |       |     4 ||     4
       Potion            |       |     3 ||     3
  Eat: Chunk             |     9 |     7 ||    16
Armor: Scale mail        |    62 |    18 ||    80
       Ring mail         |       |    69 ||    69
Dodge: Dodged            |    62 |   220 ||   282

Table legend:
 A = Non-vault XP
 B = Vault XP
 C = Vault XP percentage of total XP
 D = Non-vault monster count
 E = Vault monster count
 F = Vault count percentage of total count
                 A         B        C        D         E       F
            +---------+---------+-------+---------+---------+-------
      Total |     213 |       6 |   2.7 |      56 |       4 |   6.7
            +---------+---------+-------+---------+---------+-------
        D:1 |      74 |       6 |   7.5 |      33 |       4 |  10.8
        D:2 |      35 |       0 |   0.0 |      11 |       0 |   0.0
        D:3 |       9 |       0 |   0.0 |       6 |       0 |   0.0
        D:4 |      95 |       0 |   0.0 |       6 |       0 |   0.0
            +---------+---------+-------+---------+---------+-------
